 Dungeon Crawl Stone Soup version 0.26-a0-663-g36e8fdb655 (webtiles) character file.

Game seed: 17607211110943004829

148 marklar909 the Vandal (level 5, -1/38 HPs)
             Began as a Formicid Arcane Marksman on Oct 12, 2020.
             Killed by divine providence
             ... invoked by an orc priest
              (11 damage)
             ... on level 3 of the Dungeon.
             The game lasted 00:03:45 (2897 turns).

marklar909 the Vandal (Formicid Arcane Marksman)    Turns: 2897, Time: 00:03:45

Health: -1/38      AC:  6    Str: 16    XL:     5   Next: 56%
Magic:  6/6        EV: 12    Int: 12    God:
Gold:   140        SH:  0    Dex: 11    Spells: 5/6 levels left

rFire    . . .     SeeInvis +   a - +1 hunting sling
rCold    . . .     Faith    .   (no shield)
rNeg     . . .     Spirit   .   j - +0 leather armour (curse)
rPois    .         Reflect  .   (helmet unavailable)
rElec    .         Harm     .   l - +0 cloak
rCorr    .         Rampage  .   k - +1 pair of gloves
MR       .....                  (no boots)
Stlth    +.........             (no amulet)
HPRegen  0.12/turn              (no ring)
MPRegen  0.10/turn              (no ring)

@: no status effects
A: permanent stasis, dig shafts and tunnels, four strong arms, antennae 3
a: Dig, Shaft Self


You were on level 3 of the Dungeon.
You visited 1 branch of the dungeon, and saw 3 of its levels.

You collected 140 gold pieces.

Inventory:

Hand Weapons
 a - a +1 hunting sling (weapon)
 q - a +0 hand crossbow
Missiles
 d - 47 sling bullets (quivered)
 h - 67 stones
Armour
 j - a cursed +0 leather armour (worn)
 k - a +1 pair of gloves (worn)
 l - a +0 cloak (worn)
Jewellery
 r - an uncursed amulet of regeneration
Wands
 p - a wand of disintegration (14)
Scrolls
 b - 2 scrolls of enchant weapon
 i - a scroll of fear
 m - a scroll of teleportation {unknown}
 o - 2 scrolls of identify {unknown}
 t - 2 scrolls of fog {unknown}
 u - a scroll of amnesia {unknown}
 v - a scroll of remove curse {unknown}
Potions
 c - 2 potions of lignification {unknown}
 e - 2 potions of magic {unknown}
 f - a potion of curing {unknown}
 g - a potion of degeneration {unknown}
 n - a potion of flight {unknown}
 s - a potion of berserk rage {unknown}
 w - a potion of might {unknown}


   Skills:
 + Level 1.7 Fighting
 + Level 4.5 Slings
 + Level 0.5 Armour
 + Level 2.2 Dodging
 + Level 0.6 Stealth
 + Level 1.2 Spellcasting
 + Level 4.4 Hexes


You had 5 spell levels left.
You knew the following spells:

 Your Spells              Type           Power        Failure   Level
a - Corona                Hex            ##.....      6%          1

Your spell library contained the following spells:

 Spells                   Type           Power        Failure   Level
 Slow                     Hex            ##......     9%          2
 Animate Skeleton         Necr           #.....       36%         1
 Apportation              Tloc           #.....       36%         1
 Summon Small Mammal      Summ           #...         36%         1
 Inner Flame              Hex/Fire       #.......     41%         3
 Portal Projectile        Hex/Tloc       #.....       41%         3
 Cause Fear               Hex            ##........   50%         4
 Leda's Liquefaction      Hex/Erth       #.........   82%         4


Dungeon Overview and Level Annotations

Branches:
Dungeon (3/15)

Altars:
Dithmenos
Nemelex Xobeh


Innate Abilities, Weirdness & Mutations

You cannot be hasted, slowed, berserked, paralysed or teleported.
You can dig through walls and to a lower floor.
Your four strong arms can wield two-handed weapons with a shield.
You have a pair of large antennae on your head. (SInv)


Message History

You are too injured to fight recklessly!
You are too injured to fight recklessly!
Unknown command.
Firing (i - inventory. (/) - cycle)
d - 49 sling bullets (quivered)
Press: ? - help, Shift-Dir - straight line, f/p - orc priest
Aim: an orc priest, wielding a +0 mace (moderately wounded)
You shoot a sling bullet.
The sling bullet closely misses the orc priest.
Unknown command.
Firing (i - inventory. (/) - cycle)
d - 48 sling bullets (quivered)
Press: ? - help, Shift-Dir - straight line, f/p - orc priest
Aim: an orc priest, wielding a +0 mace (moderately wounded)
You shoot a sling bullet. The sling bullet hits the orc priest!
The orc priest is almost dead.
The orc throws a boomerang.
The boomerang hits you but does no damage.
The weapon returns to the orc!
The orc priest invokes the aid of Beogh against you.
Beogh smites you!
You die...

+..≈≈..'.# ###
+..≈≈).'.# ##.## ##
#♣≈..≈♣#.###.#.###.
♣♣..♣♣#....###....
##''# #...## ##.#.
#...# ####.###..#.
#.#########.#.#.#.
#..)..... ##.##.#.
#@######. #[##.#.
...oo...#
##.###.##.#.
.((go....
.............
##########
###..........
######..... # ##
#..... . .. #..###
##. #..# #. #..#


You could see an orc priest, 2 orcs and a goblin.

Vanquished Creatures
  8 adders
  5 dart slugs
  2 leopard geckos
  3 orcs (D:3)
  A giant cockroach (D:1)
  10 goblins
  6 hobgoblins
  2 jackals (D:3)
  9 kobolds
  9 bats
  3 frilled lizards
  12 rats
70 creatures vanquished.

Notes
Turn   | Place    | Note
-------+----------+-------------------------------------------
     0 | D:1      | marklar909 the Formicid Arcane Marksman began the quest for
                  | the Orb.
     0 | D:1      | Reached XP level 1. HP: 15/15 MP: 2/2
   271 | D:1      | Reached XP level 2. HP: 21/21 MP: 1/3
   790 | D:1      | Reached XP level 3. HP: 24/26 MP: 4/4
  1677 | D:2      | Reached XP level 4. HP: 27/32 MP: 5/5
  1740 | D:2      | Found a shadowy altar of Dithmenos.
  2391 | D:3      | Found a sparkling altar of Nemelex Xobeh.
  2394 | D:3      | Reached XP level 5. HP: 37/37 MP: 6/6
  2897 | D:3      | Killed from afar by an orc priest

Illustrated notes

Levels and vault maps discovered:
D:1:      minmay_arrival_pointy, layout_loops_ring
D:2:      layout_basic, lemuel_doored_altar
D:3:      layout_loops_ring, lemuel_round_altar, kennysheep_generic_room_15

Skill      XL: |  1  2  3  4 |
---------------+-------------+-----
Hexes          | 4 |  4.4
Dodging        | 2 |  2.2
Slings         | 3 4 |  4.5
Fighting       | |  1.7
Armour         | |  0.5
Stealth        | |  0.6
Spellcasting   | |  1.2

Action                   |  1- 3 |  4- 6 || total
-------------------------+-------+-------++-------
 Fire: Hunting sling     |   113 |   120 ||   233
 Cast: Corona            |     8 |     5 ||    13
  Use: Scroll            |       |     2 ||     2
Armor: Leather armour    |    18 |    16 ||    34
Dodge: Dodged            |    40 |    26 ||    66

Table legend: (Time is in decaauts)
 A = Elapsed time spent in this place.
 B = Non-inter-level travel time spent in this place.
 C = Inter-level travel time spent in this place.
 D = Time resting spent in this place.
 E = Time spent auto-exploring this place.
 F = Levels seen in this place.
 G = Mean time per level.
                   A        B        C        D        E       F      G
               +--------+--------+--------+--------+--------+-----+--------+
         Total |   2906 |   2867 |     39 |      0 |   2319 |   3 |  968.7 |
       Dungeon |   2906 |   2867 |     39 |      0 |   2319 |   3 |  968.7 |
               +--------+--------+--------+--------+--------+-----+--------+

Top non-repeatable levels by time:
     D:1: 1425 daAuts
     D:2: 925 daAuts
     D:3: 555 daAuts
